 Dungeon Crawl Stone Soup version 0.21.1-1-g345015fe64 (webtiles) character file.

1038 Oravi the Changer (level 8, -4/84 HPs)
             Began as a Merfolk Transmuter on Apr 11, 2018.
             Was an Initiate of Qazlal.
             Killed by Freeze
             ... invoked by Jannitor's ghost
              (18 damage)
             ... on level 6 of the Dungeon.
             The game lasted 00:23:18 (6163 turns).

Oravi the Changer (Merfolk Transmuter)              Turns: 6163, Time: 00:23:18

Health: -4/84      AC:  2    Str: 14 (15) XL:     8   Next: 24%
Magic:  2/11       EV: 23    Int: 13 (15) God:    Qazlal [......]
Gold:   194        SH:  0    Dex: 18 (19) Spells: 6/11 levels left

rFire    . . .     SeeInvis .     - Unarmed
rCold    . . .     Gourm    .   (shield currently unavailable)
rNeg     . . .     Faith    .   (armour currently unavailable)
rPois    x         Spirit   .   (helmet currently unavailable)
rElec    .         Reflect  .   (cloak currently unavailable)
rCorr    .         Harm     .   (gloves currently unavailable)
MR       .....                  (boots currently unavailable)
Stlth    ..........             (no amulet)
HPRegen  0.24/turn              (no ring)
MPRegen  0.12/turn              (no ring)

@: mighty, berserking, spider-form (expiring), very quick
A: tiny, (change form in water), (swift swim), (stealthy swim)
a: End Transformation, Renounce Religion


You were on level 6 of the Dungeon.
You worshipped Qazlal.
Qazlal was noncommittal.
You were not hungry.
You were a venomous arachnid creature.
You visited 2 branches of the dungeon, and saw 7 of its levels.

You collected 194 gold pieces.

Inventory:

Missiles
 a - 34 arrows
Armour
 b - a +1 robe
 g - a scarf of cloud immunity (melded)
 q - a +0 robe of cold resistance (melded)
 w - a +2 helmet
Jewellery
 r - a cursed -3 ring of strength {unknown}
 s - a cursed amulet of inaccuracy {unknown}
 t - an uncursed amulet of harm {unknown}
Wands
 e - a wand of random effects (28)
 h - a wand of enslavement (10)
 i - a wand of paralysis (8)
 m - a wand of digging (12)
Scrolls
 f - 2 scrolls of identify
 k - 3 scrolls of teleportation
 x - a scroll of enchant armour
Potions
 j - 5 potions of haste
 l - a potion of flight
 u - a potion of brilliance
Books
 c - a book of Changes

   Spells                             Type                      Level
   a - Beastly Appendage              Transmutation                1
   b - Sticks to Snakes               Transmutation                2
   c - Spider Form                    Transmutation/Poison         3
   d - Ice Form                       Ice/Transmutation            4
   e - Blade Hands                    Transmutation                5
 p - a book of Callings

   Spells                             Type                      Level
   a - Summon Small Mammal            Summoning                    1
   b - Call Imp                       Summoning                    2
   c - Call Canine Familiar           Summoning                    3
   d - Summon Guardian Golem          Hexes/Summoning              3
   e - Summon Lightning Spire         Summoning/Air                4
   f - Summon Ice Beast               Ice/Summoning                4
Comestibles
 d - 12 rations


   Skills:
 + Level 2.0 Fighting
 + Level 4.7 Dodging
 + Level 6.7 Unarmed Combat
 - Level 2.0 Spellcasting
 * Level 7.3 Transmutations
 * Level 4.6 Poison Magic


You had 6 spell levels left.
You knew the following spells:

 Your Spells              Type           Power        Failure   Level  Hunger
b - Sticks to Snakes      Tmut           ###.....     8%          2    ###....
c - Spider Form           Tmut/Pois      ###.......   19%         3    ####...


Dungeon Overview and Level Annotations

Branches:
Dungeon (6/15)             Temple (1/1) D:6

Altars:
Ashenzari
Cheibriados
Dithmenos
Elyvilon
Fedhas
Hepliaklqana
Kikubaaqudgha
Makhleb
Nemelex Xobeh
Okawaru
Qazlal
Ru
Sif Muna
Trog
Uskayaw
Vehumet
Wu Jian
Xom
Zin
The Shining One

Shops:
D:4 :

Annotations:
D:2 1 runed door
D:4 Xenomina's ghost, amateur DgFi
D:6 Jannitor's ghost, novice DDIE


Message History

You feel yourself moving faster!
You feel mighty!
Your adder bites Jannitor's ghost but does no damage.
Your ball python misses Jannitor's ghost.
Your adder bites Jannitor's ghost but does no damage.
Your ball python closely misses Jannitor's ghost. x2
Jannitor's ghost hits you!
* * * LOW HITPOINT WARNING * * *
Your adder bites Jannitor's ghost but does no damage.
You barely miss Jannitor's ghost.
Jannitor's ghost is heavily damaged.
Your ball python barely misses Jannitor's ghost.
Your adder closely misses Jannitor's ghost.
Your ball python bites Jannitor's ghost but does no damage.
Your ball python closely misses Jannitor's ghost.
You hit Jannitor's ghost.
Jannitor's ghost is heavily damaged.
Your adder bites Jannitor's ghost but does no damage.
Jannitor's ghost gestures at you while chanting.
You are frozen.
You die...

......... ######### .########
#...>...# SS...S# .#.......#
.####.# .#.#(..#.# .# #.#
.#.......# .# #.####.#.......#
.####......#.#.SS#.#
.[......#..#...SWS(############
.######.S..#...Ss..#..........#
.# ##.#.#.#...#.#..#######.#
.######.รท.(#.......#..# #.#
..........#.......##.## #.#
######...##.#...#.###.######[#
##.###.......##.##...##.#
#...#.......#..##......#
#.#......##....##...#### .#
#.############.###.##


You could see Jannitor's ghost, 2 friendly adders and 3 friendly ball pythons.

Vanquished Creatures
  Sigmund (D:6)
  2 sky beasts
  The ghost of Dox the Skirmisher, an amateur OpFi (D:3)
  A scorpion (D:5)
  A howler monkey (D:4)
  A centaur skeleton (D:5)
  An orc priest (D:3)
  A bullfrog skeleton (D:5)
  Jessica (D:2)
  2 worker ants
  An iguana (D:4)
  A hound zombie (D:6)
  8 adders
  2 shadow imps (D:5)
  An ooze (D:1)
  An adder skeleton (D:4)
  3 dart slugs
  3 leopard geckos
  15 orcs
  A ball python (D:2)
  9 bats
  5 giant cockroaches
  6 goblins
  7 hobgoblins
  2 jackals (D:2)
  4 quokkas
  9 frilled lizards
  A giant cockroach zombie (D:4)
  8 kobolds
  9 rats
  A fungus (D:2)
109 creatures vanquished.

Vanquished Creatures (collateral kills)
  2 phantoms (D:4)
2 creatures vanquished.

Grand Total: 111 creatures vanquished

Notes
Turn   | Place    | Note
-------+----------+-------------------------------------------
     0 | D:1      | Oravi the Merfolk Transmuter began the quest for the Orb.
     0 | D:1      | Reached XP level 1. HP: 15/15 MP: 3/3
   149 | D:1      | Reached XP level 2. HP: 18/21 MP: 3/5
   256 | D:1      | Reached skill level 3 in Transmutations
   376 | D:1      | Reached XP level 3. HP: 7/26 MP: 3/6
   638 | D:1      | Learned a level 2 spell: Sticks to Snakes
   642 | D:1      | Learned a level 3 spell: Spider Form
  1022 | D:2      | Found a sacrificial altar of Ru.
  1026 | D:2      | Found a shimmering altar of Xom.
  1026 | D:2      | Found a shadowy altar of Dithmenos.
  1040 | D:2      | Reached XP level 4. HP: 19/32 MP: 2/7
  1307 | D:2      | Found a deep blue altar of Sif Muna.
  1340 | D:2      | Reached skill level 4 in Transmutations
  1345 | D:2      | Noticed Jessica
  1352 | D:2      | Killed Jessica
  1352 | D:2      | Reached skill level 1 in Poison Magic
  1618 | D:2      | Found a glowing golden altar of the Shining One.
  1893 | D:2      | Found a runed door.
  1994 | D:3      | Reached XP level 5. HP: 37/37 MP: 4/8
  2513 | D:3      | Noticed Dox's ghost (amateur OpFi)
  2530 | D:3      | Killed Dox's ghost
  2530 | D:3      | Reached XP level 6. HP: 35/43 MP: 0/9
  2601 | D:3      | Reached skill level 5 in Transmutations
  2785 | D:4      | Reached skill level 5 in Unarmed Combat
  2900 | D:4      | Found Lint's Book Shop.
  2932 | D:4      | Noticed Xenomina's ghost (amateur DgFi)
  3307 | D:4      | Noticed a phantom
  3313 | D:4      | Noticed a phantom
  3360 | D:4      | Killed a phantom
  3383 | D:4      | Killed a phantom
  3383 | D:4      | Reached XP level 7. HP: 11/48 MP: 3/10
  3655 | D:4      | Reached skill level 6 in Transmutations
  4160 | D:5      | Entered Level 5 of the Dungeon
  5365 | D:6      | Noticed Sigmund
  5373 | D:6      | Killed Sigmund
  5373 | D:6      | Reached skill level 7 in Transmutations
  5373 | D:6      | Reached XP level 8. HP: 56/56 MP: 8/11
  5511 | D:6      | Found a staircase to the Ecumenical Temple.
  5523 | Temple   | Entered the Ecumenical Temple
  5609 | Temple   | Became a worshipper of Qazlal Stormbringer
  5769 | D:6      | Noticed Jannitor's ghost (novice DDIE)
  6163 | D:6      | Killed from afar by Jannitor's ghost

Skill      XL: |  1  2  3  4  5  6  7 |
---------------+----------------------+-----
Dodging        | 3 4 |  4.7
Transmutations | 3 4 5 7 |  7.3
Unarmed Combat | 4 5 6 |  6.7
Poison Magic   | 1 3 4 |  4.6
Fighting       | 2 |  2.0
Spellcasting   | |  2.0

Action                   |  1- 3 |  4- 6 |  7- 9 || total
-------------------------+-------+-------+-------++-------
Melee: Unarmed           |   114 |   214 |    70 ||   398
       Punch             |     3 |     2 |       ||     5
       Headbutt          |     6 |       |       ||     6
 Cast: Beastly Appendage |    14 |       |       ||    14
       Spider Form       |     3 |    33 |    17 ||    53
       Sticks to Snakes  |       |    11 |     6 ||    17
  Use: Scroll            |       |     6 |     7 ||    13
       Potion            |       |     2 |     3 ||     5
 Stab: Sleeping          |       |     2 |       ||     2
  Eat: Chunk             |     1 |    12 |     3 ||    16
       Ration            |       |       |     3 ||     3
Armor: Robe              |    32 |     2 |     1 ||    35
       Skin              |     3 |     8 |     2 ||    13
Dodge: Dodged            |   143 |   151 |    49 ||   343
